 Dungeon Sprint DCSS version 0.28.0-53-g5a82cb258f (webtiles) character file.

Game seed: 14121723023559453851

33448 Zeld the Archmage (level 13, -2/56 (63) HPs)
             Began as a Deep Elf Conjurer on June 4, 2022.
             Was the Champion of Sif Muna.
             Slain by a cherub
             ... wielding a +2 flail of flaming
              (3 damage)
             ... in the Dungeon (Sprint IV: "Fedhas' Mad Dash").
             The game lasted 00:11:37 (11621 turns).

Zeld the Archmage (Deep Elf Conjurer)              Turns: 11621, Time: 00:11:37

HP:   -2/56 (63)    AC:  2    Str:  4    XL:     13   Next: 36%
MP:   22/46         EV: 15    Int: 29    God:    Sif Muna [******]
Gold: 21            SH:  0    Dex: 13    Spells: 28/66 levels left

rFire   + . .      SeeInvis +   p - staff of fire
rCold   . . .      Faith    .   (no shield)
rNeg    . . .      Spirit   .   a - +0 robe
rPois   .          Reflect  .   (no helmet)
rElec   .          Harm     .   (no cloak)
rCorr   .          Rampage  .   (no gloves)
Will    +....      NoTele   +   (no boots)
Stlth   +.........              h - amulet of invisibility {+Inv}
HPRegen 0.18/turn               k - ring of see invisible
MPRegen 0.30/turn               (no ring)

@: glowing, heavily drained
A: no striking features
0: Orb of Zot
a: Renounce Religion, Evoke Invisibility, Channel Magic, Forget Spell, Divine
Exegesis


You were in the Dungeon.
You worshipped Sif Muna.
Sif Muna was exalted by your worship.
You visited 1 branch You collected 418 gold pieces.
You spent 397 gold pieces at shops.

Inventory:

Armour
 a - a +0 robe (worn)
Magical Staves
 p - a staff of fire (weapon)
Jewellery
 h - the amulet of invisibility (around neck) {+Inv}
   (You found it in the Dungeon)

   [amulet of nothing]

   +Inv:      It lets you turn invisible.
 i - an amulet of reflection
 k - a ring of see invisible (left hand)
Wands
 l - a wand of digging (3)
 m - a wand of polymorph (1)
Scrolls
 n - a scroll of identify {unknown}
Potions
 b - 5 potions of curing
 c - 3 potions of heal wounds
 d - 2 potions of haste
 e - 2 potions of magic
 f - a potion of berserk rage
 j - 2 potions of degeneration {unknown}
 r - a potion of might {unknown}
Miscellaneous
 o - a condenser vane
 q - a box of beasts


   Skills:
 - Level 8.0 Dodging
 - Level 8.0 Stealth
 O Level 27 Spellcasting
 + Level 23.6 Conjurations
 - Level 2.0 Hexes
 - Level 2.0 Translocations
 * Level 15.4 Fire Magic
 - Level 12.0 Invocations


You had 28 spell levels left.
You knew the following spells:

 Your Spells              Type           Power      Damage    Failure   Level
a - Magic Dart            Conj           100%       1d8       0%          1
b - Searing Ray           Conj           100%       2d8       0%          2
c - Fulminant Prism       Conj/Hex       42%        3d20      1%          4
d - Iskenderun's Mystic   Conj/Tloc      85%        2d17      1%          4
e - Fireball              Conj/Fire      61%        3d23      0%          5
f - Starburst             Conj/Fire      61%        6d16      1%          6
g - Fire Storm            Conj/Fire      61%        8d16      22%         9
z - Orb of Destruction    Conj           54%        9d14      1%          7

Your spell library contained the following spells:

 Spells                   Type           Power      Damage    Failure   Level
 Foxfire                  Conj/Fire      100%       2x1d9     0%          1
 Static Discharge         Conj/Air       82%        N/A       0%          2
 Conjure Flame            Conj/Fire      100%       6-21      0%          3
 Dazzling Flash           Conj/Hex       100%       N/A       0%          3
 Sticky Flame             Conj/Fire      100%       2d11      0%          4
 Iskenderun's Battlesphe  Conj           100%       2d15      0%          5
 Sting                    Tmut/Pois      100%       1d8       1%          1
 Summon Small Mammal      Summ           100%       N/A       1%          1
 Ensorcelled Hibernation  Hex/Ice        88%        N/A       1%          2
 Passwall                 Tmut/Erth      32%        N/A       1%          2
 Call Canine Familiar     Summ           39%        N/A       1%          3
 Gell's Gravitas          Tloc           50%        N/A       1%          3
 Ignite Poison            Fire/Tmut/Pois 80%        N/A       1%          3
 Mephitic Cloud           Conj/Pois/Air  71%        N/A       1%          3
 Spider Form              Tmut/Pois      39%        N/A       1%          3
 Summon Guardian Golem    Hex/Summ       44%        N/A       1%          3
 Teleport Other           Tloc           50%        N/A       1%          3
 Hailstorm                Conj/Ice       82%        3d17      1%          4
 Irradiate                Conj/Tmut      41%        3d27      1%          5
 Conjure Ball Lightning   Conj/Air       41%        3x3d13    1%          6
 Iron Shot                Conj/Erth      41%        9d8       1%          6
 Anguish                  Hex/Necr       22%        N/A       4%          4
 Spellforged Servitor     Conj/Summ      41%        N/A       4%          7
 Airstrike                Air            19%        N/A       6%          4
 Ice Form                 Ice/Tmut       39%        N/A       6%          4
 Olgreb's Toxic Radiance  Pois           39%        N/A       6%          4
 Petrify                  Tmut/Erth      39%        N/A       6%          4
 Summon Lightning Spire   Summ/Air       39%        N/A       6%          4
 Lehudib's Crystal Spear  Conj/Erth      41%        10d10     32%         8
 Dispersal                Tloc           25%        N/A       41%         6
 Death Channel            Necr           19%        N/A       69%         6
 Eringya's Noxious Bog    Tmut/Pois      19%        N/A       69%         6
 Simulacrum               Ice/Necr       19%        N/A       69%         6
 Statue Form              Tmut/Erth      26%        N/A       69%         6
 Summon Cactus Giant      Summ           19%        N/A       69%         6
 Dragon Form              Tmut           19%        N/A       99%         7
 Summon Hydra             Summ           19%        N/A       99%         7
 Chain Lightning          Conj/Air       41%        3d54      99%         9
 Discord                  Hex            25%        N/A       100%        8
 Disjunction              Tloc           25%        N/A       100%        8
 Summon Horrible Things   Summ           19%        N/A       100%        8
 Shatter                  Erth           19%        3d18*     100%        9


Dungeon Overview and Level Annotations

Branches:
Dungeon (1/1)

Altars:
Cheibriados
Dithmenos
Elyvilon
Gozag
Hepliaklqana
Kikubaaqudgha
Makhleb
Nemelex Xobeh
Okawaru
Qazlal
Ru
Sif Muna
Trog
Uskayaw
Vehumet
Wu Jian
Xom
Yredelemnul
Zin
The Shining One
Beogh
Jiyva
Lugonu

Shops:
D (*![!([![!::[**[?*[=[


Message History

The shadow dragon is engulfed in blazing flames.
Your fire vortex hits Yjiul.
Your fire vortex burns Yjiul!
Yjiul resists.
Your fire vortex dissipates!
Yjiul hits your fire vortex!!!
Your fire vortex dissipates!
The shadow dragon misses you. The shadow dragon claws you! x2
Blink to where?
Press: ? - help, Dir - move target
As you read the scroll of blinking, it crumbles to dust.
Yjiul gestures.
A dragon appears.
Yjiul gestures.
The shadow dragon breathes negative energy at you.
The bolt of negative energy hits you!!!
You feel drained.
Ouch! That really hurt!
* * * LOW HITPOINT WARNING * * *
Items here: )) [[.
Things that are here:
a +0 hand axe; a +0 animal skin A cherub comes into view.
It is wielding a +2 flail of flaming.
The cherub's human head shouts!
You feel much better.
The cherub unwields a +2 flail of flaming.
It stops flaming.
The cherub wields a +0 fustibalus.
The cherub shoots a stone.
The stone barely misses you.
The stone barely misses the shadow dragon.
The shadow dragon breathes negative energy at you.
The bolt of negative energy hits you!!
You feel drained.
* * * LOW HITPOINT WARNING * * *
The bolt of negative energy hits the cherub.
The cherub completely resists.
You feel much better.
The cherub unwields a +0 fustibalus.
The cherub wields a +2 flail of flaming.
It bursts into flame!
The cherub hits you with a +2 flail of flaming!!
* * * LOW HITPOINT WARNING * * *
The cherub burns you.
* * * LOW HITPOINT WARNING * * *
The cherub hits you.
You die...

...'.........##....."'.#
...#####P....'.)....=### ...#
##################
...#####∩∩∩#............#########
...'....∩.∩'............'.......#
...#####∩∩∩#............#######.#
###############################.#
........♣.....♣..♣..♣...........#
......D..&.)D...@A.....).)..)...#
..).....♣.....♣..♣..♣...).......#
#################################
##.....#####....######......####
..........)....................♣#
......)...)...........#######...#
..........................)....♣#
###.....####....######...)..####
####### ###### ########


You could see Yjiul, a shadow dragon (summoned, catching breath) and a cherub.

Vanquished Creatures
  the Enchantress (D)
  Agnes (D)
  A daeva (D)
  2 ghost moths (D)
  6 spriggan defenders (D)
  5 spriggan berserkers (D)
  4 spriggan druids (D)
  25 oklob plants (D)
  3 moths of wrath (D)
  2 rust devils (D)
  4 demonic crawlers (D)
  2 queen bees (D)
  3 wandering mushrooms (D)
  3 burning bushes (D)
  10 hornets (D)
  A large abomination (D)
  A small abomination (D)
  4 scorpions (D)
  4 killer bees (D)
  5 oklob saplings (D)
  11 spriggans (D)
  A river rat (D)
  A rat (D)
  2 ballistomycete spores (D)
  4 bushes (D)
106 creatures vanquished.

Vanquished Creatures (others)
  An eldritch tentacle (D)
  3 fire vortices (D)
  20 fulminant prisms (D)
  3 fungi (D)
27 creatures vanquished.

Grand Total: 133 creatures vanquished

Notes
Turn   | Place    | Note
-------+----------+-------------------------------------------
     0 | D        | Zeld the Deep Elf Conjurer began the quest for the Orb.
     0 | D        | Reached XP level 1. HP: 10/10 MP: 6/6
     9 | D        | Reached skill level 4 in Spellcasting
     9 | D        | Reached XP level 2. HP: 15/15 MP: 1/9
    13 | D        | Learned a level 2 spell: Searing Ray
   226 | D        | Noticed an oklob sapling
   228 | D        | Killed an oklob sapling
   229 | D        | Reached skill level 6 in Spellcasting
   229 | D        | Reached XP level 3. HP: 19/19 MP: 6/12
   373 | D        | Noticed a scorpion
   373 | D        | Found the amulet of invisibility {+Inv}
   376 | D        | Killed a scorpion
   377 | D        | Reached skill level 8 in Spellcasting
   377 | D        | Reached XP level 4. HP: 11/24 MP: 9/16
   545 | D        | Found an opulent altar of Gozag.
   545 | D        | Found a hazy altar of Hepliaklqana.
   545 | D        | Found a burning altar of Makhleb.
   545 | D        | Found a sparkling altar of Nemelex Xobeh.
   545 | D        | Found a snail-covered altar of Cheibriados.
   545 | D        | Found a sacrificial altar of Ru.
   545 | D        | Found a shimmering blue altar of Sif Muna.
   545 | D        | Found a shimmering altar of Xom.
   545 | D        | Found a basalt altar of Yredelemnul.
   546 | D        | Found a viscous altar of Jiyva.
   546 | D        | Found a bloodstained altar of Trog.
   546 | D        | Found an ornate altar of the Wu Jian Council.
   547 | D        | Found an iron altar of Okawaru.
   547 | D        | Found a shadowy altar of Dithmenos.
   547 | D        | Found a glowing silver altar of Zin.
   548 | D        | Found an ancient bone altar of Kikubaaqudgha.
   548 | D        | Found a hide-covered altar of Uskayaw.
   549 | D        | Found a stormy altar of Qazlal.
   549 | D        | Found a glowing golden altar of the Shining One.
   549 | D        | Found a white marble altar of Elyvilon.
   550 | D        | Found a radiant altar of Vehumet.
   550 | D        | Found a corrupted altar of Lugonu.
   552 | D        | Became a worshipper of Sif Muna the Loreminder
   564 | D        | Learned a level 4 spell: Fulminant Prism
   569 | D        | Learned a level 4 spell: Iskenderun's Mystic Blast
   725 | D        | Noticed a queen bee
   739 | D        | Reached * piety under Sif Muna
   740 | D        | Reached skill level 10 in Spellcasting
   740 | D        | Reached XP level 5. HP: 28/28 MP: 1/19
   966 | D        | Reached XP level 6. HP: 26/32 MP: 9/21
  1179 | D        | Killed a queen bee
  1180 | D        | Reached skill level 12 in Spellcasting
  1180 | D        | Reached XP level 7. HP: 16/36 MP: 4/25
  1457 | D        | Noticed an oklob plant
  1480 | D        | Killed an oklob plant
  1480 | D        | Reached ** piety under Sif Muna
  1481 | D        | Reached skill level 13 in Spellcasting
  1704 | D        | Noticed a burning bush
  1715 | D        | Killed a burning bush
  1716 | D        | Reached skill level 14 in Spellcasting
  1716 | D        | Reached XP level 8. HP: 33/41 MP: 17/28
  1832 | D        | Reached *** piety under Sif Muna
  1975 | D        | Found Januin's General Store.
  1975 | D        | Found Gahiz's Assorted Antiques.
  1978 | D        | Bought 2 potions of curing for 84 gold pieces
  1979 | D        | Bought 2 bubbling green potions for 34 gold pieces
  2131 | D        | Noticed a burning bush
  2131 | D        | Noticed a wandering mushroom
  2135 | D        | Noticed a wandering mushroom
  2142 | D        | Killed a wandering mushroom
  2143 | D        | Killed a burning bush
  2143 | D        | Reached **** piety under Sif Muna
  2144 | D        | Reached skill level 10 in Invocations
  2145 | D        | Reached skill level 15 in Spellcasting
  2151 | D        | Killed a wandering mushroom
  2152 | D        | Reached XP level 9. HP: 23/45 MP: 6/30
  2287 | D        | Found Hem Foge's Armour Emporium.
  2287 | D        | Found Loaluagu's General Store.
  2341 | D        | Noticed a burning bush
  2341 | D        | Noticed an oklob plant
  2876 | D        | Killed a burning bush
  3099 | D        | Noticed a wandering mushroom
  3110 | D        | Killed an oklob plant
  3111 | D        | Reached skill level 16 in Spellcasting
  3112 | D        | Killed a wandering mushroom
  3112 | D        | Reached ***** piety under Sif Muna
  3295 | D        | Noticed a spriggan druid
  3298 | D        | Killed a spriggan druid
  3299 | D        | Reached skill level 17 in Spellcasting
  3361 | D        | Noticed an oklob plant conjurer
  3368 | D        | Killed an oklob plant conjurer
  3369 | D        | Reached skill level 5 in Stealth
  3369 | D        | Reached skill level 15 in Conjurations
  3907 | D        | Noticed an oklob plant
  3907 | D        | Noticed an oklob plant summoner
  3908 | D        | Noticed an oklob plant shifter
  3915 | D        | Killed an oklob plant
  3915 | D        | Received a gift from Sif Muna
  3915 | D        | Killed an oklob plant summoner
  3916 | D        | Reached XP level 10. HP: 50/50 MP: 18/33
  3919 | D        | Killed an oklob plant shifter
  3920 | D        | Reached skill level 18 in Spellcasting
  3922 | D        | Got Sif Muna's Compendium of Fire {god gift}
  3929 | D        | Learned a level 5 spell: Fireball
  4422 | D        | Noticed a spriggan rider
  4423 | D        | Found Cuuh's Jewellery Emporium.
  4426 | D        | Found Zidwab's Antique Armour Shoppe.
  4781 | D        | Bought a potion of heal wounds for 65 gold pieces
  4850 | D        | Noticed Agnes
  4852 | D        | Noticed a spriggan berserker
  4853 | D        | Found Butauc's Armour Emporium.
  4855 | D        | Killed Agnes
  4855 | D        | Killed a spriggan berserker
  4855 | D        | Received a gift from Sif Muna
  4856 | D        | Reached skill level 20 in Spellcasting
  4858 | D        | Got Sif Muna's Sophisticated Casting {god gift}
  5208 | D        | Found Omuck's Magic Scroll Shoppe.
  5212 | D        | Noticed a spriggan defender
  5222 | D        | Killed a spriggan defender
  5223 | D        | Reached XP level 11. HP: 10/54 MP: 1/37
  5664 | D        | Noticed a spriggan rider
  5795 | D        | Reached skill level 21 in Spellcasting
  6051 | D        | Noticed a ghost moth
  6062 | D        | Killed a ghost moth
  6338 | D        | Found But Zer's General Store.
  6338 | D        | Found Uley's Distillery.
  6338 | D        | Found Cowoagg's Weapon Shoppe.
  6471 | D        | Noticed an oklob plant shifter
  6471 | D        | Noticed an oklob plant meteorologist
  6474 | D        | Killed an oklob plant meteorologist
  6475 | D        | Reached skill level 22 in Spellcasting
  6476 | D        | Killed an oklob plant shifter
  6476 | D        | Received a gift from Sif Muna
  6687 | D        | Noticed a spriggan rider
  6692 | D        | HP: 2/54 [spriggan rider/+0 spear (6)]
  6695 | D        | Killed a spriggan rider
  6696 | D        | Reached ****** piety under Sif Muna
  7017 | D        | Found Ucufie's Distillery.
  7017 | D        | Found Matiz's Weapon Boutique.
  7017 | D        | Found Fysomn's Armour Shop.
  7017 | D        | Found Xefeon's Distillery.
  7017 | D        | Found Beadorph's Antique Armour Shoppe.
  7018 | D        | Found Istrye's Distillery.
  7018 | D        | Found Gyapa's Book Shop.
  7018 | D        | Found Titutekh's Antique Armour Boutique.
  7031 | D        | Bought a potion of curing for 42 gold pieces
  7031 | D        | Bought a potion of curing for 42 gold pieces
  7038 | D        | Bought a potion of heal wounds for 65 gold pieces
  7038 | D        | Bought a potion of heal wounds for 65 gold pieces
  7184 | D        | Noticed an oklob plant
  7184 | D        | Noticed an oklob plant
  7184 | D        | Noticed an oklob plant
  7184 | D        | Noticed an oklob plant
  7184 | D        | Noticed an oklob plant
  7184 | D        | Noticed an oklob plant
  7185 | D        | Noticed an oklob plant
  7188 | D        | Killed an oklob plant
  7188 | D        | Received a gift from Sif Muna
  7188 | D        | Killed an oklob plant
  7188 | D        | Killed an oklob plant
  7189 | D        | Reached skill level 23 in Spellcasting
  7196 | D        | Got Sif Muna's Catalogue of Shifting Poisoning {god gift}
  7654 | D        | Noticed an oklob plant
  7656 | D        | Killed an oklob plant
  7657 | D        | Killed an oklob plant
  7657 | D        | Killed an oklob plant
  7659 | D        | Noticed an oklob plant
  7660 | D        | Noticed an oklob plant
  7663 | D        | Killed an oklob plant
  7663 | D        | Killed an oklob plant
  7663 | D        | Killed an oklob plant
  7664 | D        | Reached skill level 24 in Spellcasting
  7896 | D        | Noticed an oklob plant
  7897 | D        | Noticed an oklob plant
  7901 | D        | Killed an oklob plant
  7902 | D        | Reached XP level 12. HP: 59/59 MP: 26/42
  7902 | D        | Received a gift from Sif Muna
  8133 | D        | Found Kiuca's Book Emporium.
  8134 | D        | Found Zoeruy's Armour Shop.
  8173 | D        | Noticed a death yak
  8177 | D        | Received a gift from Sif Muna
  8178 | D        | Reached skill level 25 in Spellcasting
  8372 | D        | Identified the amulet "Bohad" {Regen+ Str+7}
  9044 | D        | Noticed a spriggan defender
  9044 | D        | Noticed a spriggan defender
  9048 | D        | Killed a spriggan defender
  9048 | D        | Killed a spriggan defender
  9492 | D        | Received a gift from Sif Muna
  9493 | D        | Got Sif Muna's Handbook of Clay and Conjuration {god gift}
  9502 | D        | Learned a level 6 spell: Starburst
  9510 | D        | Learned a level 7 spell: Orb of Destruction
  9806 | D        | Noticed a spriggan defender
  9810 | D        | Killed a spriggan defender
  9811 | D        | Reached skill level 10 in Fire Magic
  9815 | D        | Reached skill level 26 in Spellcasting
  9871 | D        | Noticed a ghost moth
  9875 | D        | Killed a ghost moth
 10209 | D        | Noticed the Enchantress
 10219 | D        | Killed the Enchantress
 10220 | D        | Reached XP level 13. HP: 38/63 MP: 11/45
 10232 | D        | Received a gift from Sif Muna
 10235 | D        | Got Coceg's Disquisition on Lightness and Displacement {god
                  | gift}
 10989 | D        | Received a gift from Sif Muna
 11017 | D        | Learned a level 9 spell: Fire Storm
 11359 | D        | Noticed a spriggan defender
 11361 | D        | Noticed a spriggan defender
 11367 | D        | Killed a spriggan defender
 11367 | D        | Killed a spriggan defender
 11367 | D        | Received a gift from Sif Muna
 11370 | D        | Got Sif Muna's Tome of Dusty Summoning {god gift}
 11512 | D        | Got the Orb of Zot
 11575 | D        | Noticed a daeva
 11579 | D        | Reached skill level 27 in Spellcasting
 11585 | D        | Killed a daeva
 11586 | D        | Reached skill level 15 in Fire Magic
 11592 | D        | Noticed Yjiul the pandemonium lord
 11602 | D        | Noticed a shadow dragon
 11611 | D        | Noticed a shadow dragon
 11614 | D        | HP: 1/59 [shadow dragon/bolt of negative energy[Yjiul]
                  | (38)]
 11621 | D        | HP: 1/56 [cherub/+2 flail of flaming (2)]
 11621 | D        | Slain by a cherub

Illustrated notes

Levels and vault maps discovered:
D:        dungeon_sprint_fedhas [sprint_temple]

Skill      XL: |  1  2  3  4  5  6  7  8  9 10 11 12 13 |
---------------+----------------------------------------+-----
Spellcasting   | 4 6 8 10 12 14 15 17 20 24 26 27 | 27.0
Hexes          | 2 |  2.0
Translocations | 2 |  2.0
Conjurations   | 6 7 9 11 12 13 15 18 21 22 23 | 23.6
Dodging        | 6 8 |  8.0
Invocations    | 7 10 12 | 12.0
Stealth        | 7 8 |  8.0
Fire Magic     | 12 15 | 15.4

Action                   |  1- 3 |  4- 6 |  7- 9 | 10-12 | 13-15 || total
-------------------------+-------+-------+-------+-------+-------++-------
Melee: Unarmed           |       |       |     1 |       |       ||     1
       Staff             |       |       |       |     2 |       ||     2
 Cast: Magic Dart        |     6 |       |     1 |     2 |       ||     9
       Searing Ray       |     2 |     1 |    11 |       |       ||    14
       Iskenderun's Myst |       |     8 |    23 |    34 |    26 ||    91
       Fulminant Prism   |       |     2 |    17 |     1 |       ||    20
       Fireball          |       |       |       |    63 |    17 ||    80
       Orb of Destructio |       |       |       |     2 |       ||     2
       Fire Storm        |       |       |       |       |     1 ||     1
Invok: Channel Magic     |       |       |       |     2 |     2 ||     4
 Abil: Evoke Invisibilit |       |     5 |    10 |     8 |       ||    23
  Use: Potion            |       |       |       |       |     2 ||     2
       Scroll            |       |       |       |       |     1 ||     1
Armor: Robe              |       |     1 |     1 |     1 |       ||     3
Dodge: Dodged            |       |     2 |     3 |     8 |     8 ||    21
